 Dungeon Crawl Stone Soup version 0.16.0-16-g311141a (webtiles) character file.

4785 HungrySpirit the Cleaver (level 10, -1/94 HPs)
             Began as a Deep Dwarf Fighter on Mar 19, 2015.
             Was an Elder of Makhleb.
             Slain by a killer bee (4 damage)
             ... on level 10 of the Dungeon.
             The game lasted 00:18:56 (6390 turns).

HungrySpirit the Cleaver (Deep Dwarf Fighter)       Turns: 6390, Time: 00:18:56

Health: -1/94      AC: 20    Str: 20    XL:     10   Next: 24%
Magic:  10/10      EV:  4    Int:  9    God:    Makhleb [****..]
Gold:   384        SH: 11    Dex: 15    Spells: 0 memorised, 9 levels left

rFire  . . .     SeeInvis .     a - +0 war axe
rCold  . . .     Clarity  .     I - +0 plate armour
rNeg   . . .     SustAb   .     c - +0 shield
rPois  .         Gourm    .     Q - +1 helmet
rElec  .         Spirit   .     E - +0 cloak
rCorr  .         Warding  .     s - +2 pair of gloves
rMut   .         Stasis   .     L - +0 pair of boots
MR     +....                    (no amulet)
Stlth  ..........               (no ring)
                                (no ring)

@: lethally poisoned (-1 -> -21), about to teleport, non-regenerating, somewhat
resistant to hostile enchantments, extremely unstealthy
A: damage resistance, recharge devices, sense surroundings 2, slow healing 3
a: Device Recharging, Minor Destruction, Lesser Servant of Makhleb, Major
Destruction, Renounce Religion


You were on level 10 of the Dungeon.
You worshipped Makhleb.
Makhleb was greatly pleased with you.
You were not hungry.

You visited 1 branch of the dungeon, and saw 10 of its levels.
You also visited: Sewer.

You collected 384 gold pieces.

Inventory:

Hand weapons
 a - a +0 war axe (weapon)
 O - a +0 broad axe
Armour
 c - a +0 shield (worn)
 s - a +2 pair of gloves (worn)
 E - a +0 cloak (worn)
 I - a +0 plate armour (worn)
 L - a +0 pair of boots (worn)
 Q - a +1 helmet (worn)
Jewellery
 k - a cursed ring of loudness {unknown}
 u - a +4 ring of dexterity {unknown}
 P - a +3 ring of strength {unknown}
Magical devices
 d - a wand of heal wounds (0)
 H - a wand of random effects (26)
 K - a wand of teleportation (0)
 N - a wand of flame (32)
Scrolls
 g - 5 scrolls of enchant armour {unknown}
 m - 6 scrolls of teleportation {unknown}
 n - 4 scrolls of remove curse {unknown}
 o - 2 scrolls of random uselessness {unknown}
 p - a scroll of immolation {unknown}
 r - 2 scrolls of noise {unknown}
 t - 8 scrolls of identify {unknown}
 w - 3 scrolls of fear {unknown}
 y - 2 scrolls of blinking {unknown}
 F - 3 scrolls of recharging {unknown}
 G - 2 scrolls of fog {unknown}
 M - a scroll of enchant weapon {unknown}
Potions
 b - a potion of degeneration {unknown}
 e - 2 potions of might
 h - a potion of brilliance {unknown}
 i - a potion of resistance {unknown}
 l - 2 potions of haste {unknown}
 q - 4 potions of curing {unknown}
 v - a potion of ambrosia {unknown}
 x - 2 potions of restore abilities {unknown}
 z - 3 potions of flight {unknown}
 A - 2 potions of heal wounds {unknown}
 B - a potion of lignification {unknown}
 C - 2 potions of invisibility {unknown}
 D - a potion of berserk rage {unknown}
Comestibles
 f - 5 bread rations
 j - 3 meat rations
 J - 4 beef jerkies
 R - a chunk of flesh


   Skills:
 + Level 7.3 Fighting
 * Level 12.1 Axes
 + Level 5.8 Armour
 + Level 6.7 Shields


You had 9 spell levels left.
You didn't know any spells.

Dungeon Overview and Level Annotations

Branches:
Dungeon (10/15)            Temple (0/1) D:7            Lair (0/8) D:8
    Orc: D:9-12

Altars:
Ashenzari
Cheibriados
Elyvilon
Gozag
Kikubaaqudgha
Makhleb
Nemelex Xobeh
Okawaru
Yredelemnul
The Shining One

Shops:
D:6 :


Innate Abilities, Weirdness & Mutations

You are resistant to damage.
You can recharge devices by infusing magical energy.
You passively map the area around you.
You do not heal naturally.


Message History

The killer bee poisons you!
The killer bee stings you but does no damage.
The killer bee completely misses you. The killer bee stings you.
* * * LOW HITPOINT WARNING * * *
The killer bee stings you!
* * * LOW HITPOINT WARNING * * *
The killer bee stings you!
* * * LOW HITPOINT WARNING * * *
You block the killer bee's attack.
Unknown command.
* * * LOW HITPOINT WARNING * * *
You feel very sick. You block the killer bee's attack.
The killer bee rages.
You block the killer bee's attack. The killer bee stings you.
* * * LOW HITPOINT WARNING * * *
The killer bee stings you.
* * * LOW HITPOINT WARNING * * *
The killer bee stings you!
You die...

* * * , ,
, , ,,, ,
, * * * **
* ,* + ,
,, * * ***
* * ######
, , , * ,
, #.@y.#,
, * , ,,
#yy..# , ,
*#....+, *
*
##..##,,,,
, #..#, *
, , , , ,
,,...# ,
,,, ,* , ,
* ....# ,,
, ....# *
* , *
*###.B#,,,
*


You could see a goliath beetle and 3 killer bees.

Vanquished Creatures
  Joseph (D:8)
  Psyche (D:8)
  The ghost of gildax the Ruffian, an average VSMo (D:4)
  2 hippogriffs (D:7)
  Edmund (D:9)
  2 ice beasts
  3 orc warriors
  A sky beast (D:5)
  A necrophage (D:6)
  A phantom (D:5)
  5 centaurs
  A crocodile (Sewer)
  7 ogres
  A big kobold (D:7)
  4 giant frogs
  2 scorpions
  10 killer bees
  A goliath beetle (D:5)
  3 crimson imps
  2 jellies
  2 hounds
  8 worker ants
  3 iguanas
  5 orc wizards
  Jessica (D:3)
  2 hound skeletons
  2 hound zombies
  A worker ant zombie (D:9)
  Robin (D:3)
  8 adders
  3 gnolls (D:3)
  A river rat (D:4)
  A shadow imp (D:8)
  3 giant mites
  2 worms
  3 adder skeletons
  16 orcs
  2 ball pythons
  A bat skeleton (D:6)
  2 bat zombies
  3 giant cockroaches
  15 goblins
  9 hobgoblins
  19 jackals
  28 kobolds
  3 quokkas
  9 bats
  6 giant geckos
  A giant gecko skeleton (D:8)
  3 giant newts
  A giant spore (D:7)
  13 rats
  A rat zombie (D:2)
  A ballistomycete (D:7)
  A bush (D:6)
230 creatures vanquished.

Notes
Turn   | Place    | Note
--------------------------------------------------------------
     0 | D:1      | HungrySpirit, the Deep Dwarf Fighter, began the quest for the Orb.
     0 | D:1      | Reached XP level 1. HP: 20/20 MP: 1/1
   161 | D:1      | Reached XP level 2. HP: 27/27 MP: 2/2
   266 | D:1      | Found a sparkling altar of Nemelex Xobeh.
   390 | D:1      | Reached skill level 4 in Shields
   393 | D:1      | Reached XP level 3. HP: 29/33 MP: 3/3
  1126 | D:2      | You fall through a shaft!
  1143 | D:3      | Reached XP level 4. HP: 31/40 MP: 4/4
  1230 | D:2      | Found an ancient bone altar of Kikubaaqudgha.
  1286 | D:3      | Found a shattered altar of Ashenzari.
  1287 | D:3      | Found an opulent altar of Gozag.
  1290 | D:3      | Found a white marble altar of Elyvilon.
  1359 | D:3      | Found a basalt altar of Yredelemnul.
  1360 | D:3      | Noticed a profane servitor
  1402 | D:3      | Found a glowing golden altar of the Shining One.
  1403 | D:3      | Noticed an angel
  1407 | D:3      | Noticed Jessica
  1415 | D:3      | Killed Jessica
  1800 | D:3      | Reached XP level 5. HP: 23/49 MP: 5/5
  1847 | D:3      | Noticed Robin
  1865 | D:3      | Killed Robin
  2144 | D:4      | Found a burning altar of Makhleb.
  2161 | D:4      | Became a worshipper of Makhleb the Destroyer
  2246 | D:4      | Reached skill level 5 in Axes
  2265 | D:4      | Found a glowing drain.
  2277 | Sewer    | Entered a sewer
  2322 | Sewer    | Reached XP level 6. HP: 22/57 MP: 6/6
  2496 | D:4      | Found an iron altar of Okawaru.
  2544 | D:4      | Noticed gildax's ghost (average VSMo)
  2578 | D:3      | Found a snail-covered altar of Cheibriados.
  2717 | D:4      | Acquired Makhleb's first power
  2892 | D:4      | Killed gildax's ghost
  2892 | D:4      | Reached skill level 6 in Axes
  2892 | D:4      | Reached XP level 7. HP: 24/64 MP: 7/7
  3040 | D:5      | Entered Level 5 of the Dungeon
  3068 | D:5      | Reached skill level 7 in Axes
  3481 | D:5      | Reached skill level 8 in Axes
  3501 | D:5      | Reached skill level 5 in Fighting
  3501 | D:5      | Reached XP level 8. HP: 29/74 MP: 8/8
  3670 | D:5      | Found a snail-covered altar of Cheibriados.
  3707 | D:5      | Acquired Makhleb's second power
  3890 | D:5      | Reached skill level 9 in Axes
  4133 | D:6      | Found Kluqo's Book Emporium.
  4157 | D:6      | Reached skill level 10 in Axes
  4412 | D:6      | Acquired Makhleb's third power
  4415 | D:6      | Reached skill level 5 in Shields
  4415 | D:6      | Gained mutation: You passively map the area around you. [level up]
  4415 | D:6      | Reached XP level 9. HP: 35/82 MP: 9/9
  4688 | D:7      | Found a white marble altar of Elyvilon.
  4803 | D:7      | Found a staircase to the Ecumenical Temple.
  4875 | D:7      | Reached skill level 11 in Axes
  5007 | D:7      | Acquired Makhleb's fourth power
  5383 | D:8      | Noticed Joseph
  5395 | D:8      | Killed Joseph
  5395 | D:8      | Reached skill level 5 in Armour
  5415 | D:8      | Found a staircase to the Lair.
  5751 | D:8      | Noticed Psyche
  5758 | D:8      | Killed Psyche
  5758 | D:8      | Reached XP level 10. HP: 94/94 MP: 10/10
  6193 | D:9      | Noticed Edmund
  6201 | D:9      | Killed Edmund
  6212 | D:9      | Reached skill level 12 in Axes
  6387 | D:10     | Entered Level 10 of the Dungeon
  6390 | D:10     | HP: 4/94 [killer bee (2)]
  6390 | D:10     | Slain by a killer bee

Action                   |  1- 3 |  4- 6 |  7- 9 | 10-12 || total
-------------------------+-------+-------+-------+-------++-------
Melee: War axe           |    78 |   166 |   371 |    88 ||   703
Evoke: Wand              |       |     2 |     3 |     2 ||     7
  Eat: Chunk             |     1 |     4 |     4 |     3 ||    12
       Royal jelly       |       |     1 |     1 |       ||     2
       Pizza             |       |     1 |       |       ||     1
       Beef jerky        |       |     1 |       |       ||     1
